 Dungeon Crawl Stone Soup version 0.31.0-11-ge490571c62 (webtiles) character file.

Game seed: 7413768787364302749

223 browni3141 the Chopper (level 5, -18/47 HPs)
             Began as a Minotaur Fighter on Jan 27, 2024.
             Demolished by an ogre
             ... wielding a +0 giant spiked club
              (34 damage)
             ... on level 5 of the Dungeon.
             The game lasted 00:00:53 (1304 turns).

browni3141 the Chopper (Minotaur Fighter)           Turns: 1304, Time: 00:00:54

Health: -18/47     AC:  7    Str: 23    XL:     5   Next: 66%
Magic:  4/4        EV:  9    Int:  5    God:
Gold:   157        SH:  4    Dex:  9    Spells: 4/4 levels left

rFire   . . .        a - +0 war axe
rCold   . . .        c - +0 buckler
rNeg    . . .        b - +0 scale mail
rPois   .            (helmet restricted)
rElec   .            (no cloak)
rCorr   .            (no gloves)
SInv    .            (no boots)
Will    .....        (no amulet) Stlth
                     (no ring)
HPRegen 0.27/turn    (no ring)
MPRegen 0.09/turn

%: no passive effects
@: no status effects
A: horns 2, retaliatory headbutt
a: no special abilities


You were on level 5 of the Dungeon.
You visited 1 branch of the dungeon, and saw 5 of its levels.

You collected 157 gold pieces.

Inventory:

Hand Weapons
 a - a +0 war axe (weapon)
Armour
 b - a +0 scale mail (worn)
 c - a +0 buckler (worn)
Scrolls
 g - a scroll of identify {unknown}
 h - a scroll of fog {unknown}
 i - a scroll of poison {unknown}
 j - a scroll of teleportation {unknown}
Potions
 d - a potion of might
 e - a potion of mutation {unknown}
 f - a potion of ambrosia {unknown}
 k - a potion of curing {unknown}
 l - a potion of lignification {unknown}


   Skills:
 + Level 4.7 Fighting
 * Level 4.9 Axes
 + Level 4.7 Armour
 + Level 4.7 Shields


You had 4 spell levels left.
You didn't know any spells.
Your spell library was empty.

Dungeon Overview and Level Annotations

Branches:
Dungeon (5/15)
 Temple: D:4-7

Altars:
Hepliaklqana
Ru
Sif Muna
Trog
Jiyva

Annotations:
D:1 2 runed translucent doors
D:4 3 runed translucent doors, Gadfly's ghost, weakling DsSh


Innate Abilities, Weirdness & Mutations

You have a pair of horns on your head.
You reflexively headbutt those who attack you in melee.


Message History

You kill the adder!
No target in view!
You see here an adder corpse.
No target in view!
j - a scroll labelled FEQOLEG XUAXI You open the door.
The kobold shouts!
You hear a shout!
The kobold shouts!
The kobold brigand shouts!
Gadfly's ghost turns its malevolent gaze towards you.
The kobold shouts!
The kobold shouts!
Key pressed, stopping explore.
Key pressed, stopping explore.
You see here a +0 trident.
Gadfly's ghost screams, "Don't try to defend!
You have no chance!"
You see here an adder skeleton.
You see here a +0 sling.
Key pressed, stopping explore.
Could not explore, unopened runed door.
Could not explore, unopened runed door.
No reachable target in view!
Gadfly's ghost wails, "Do you think the gods will protect you?"
There is a stone staircase leading down here.
You climb downwards.
There is a stone staircase leading up here.
A quokka is nearby!
A quokka is nearby!
A quokka is nearby!
You barely miss the quokka.
The quokka bites you but does no damage.
You hit the quokka.
The quokka is moderately wounded.
The quokka bites you but does no damage.
You block the quokka's attack.
You barely miss the quokka. Your headbutt misses the quokka.
The quokka is lightly wounded.
The quokka bites you but does no damage.
You slash the quokka!
You kill the quokka!
No target in view!
Found a stone staircase leading up.
You now have 157 gold pieces (gained 17).
Found a stone staircase leading down.
k - a brown potion You see here a +0 dagger.
A bombardier beetle comes into view.
You hit the bombardier beetle but do no damage.
The bombardier beetle bites you.
You barely miss the bombardier beetle.
Your headbutt misses the bombardier beetle.
The bombardier beetle bites you but does no damage.
You closely miss the bombardier beetle. You slash the bombardier beetle!
Your headbutt misses the bombardier beetle.
The bombardier beetle is severely wounded.
The bombardier beetle sprays incendiary fluid at you.
The burning spray hits you.
You are covered in liquid fire!
You are on fire!
You hit the bombardier beetle but do no damage.
You headbutt the bombardier beetle.
The bombardier beetle is almost dead.
The liquid fire burns you!
You block the bombardier beetle's attack.
You slash the bombardier beetle!
You kill the bombardier beetle!
The liquid fire burns you!
No target in view!
You shake off some of the fire as you move.
The liquid fire burns you!
No target in view!
You shake off the liquid fire.
Key pressed, stopping explore.
No target in view!
HP restored.
l - a bubbling amethyst potion You open the door.
Found a stone staircase leading down.
There is an open door here.
There is a stone staircase leading down here.
An adder comes into view.
An adder is nearby!
An adder is nearby!
You slash the adder!
You kill the adder!
You see here an adder corpse.
No target in view!
No target in view!
An ogre comes into view. It is wielding a +0 giant spiked club.
The ogre shouts!
An ogre is nearby!
An ogre is nearby!
An ogre is nearby!
The ogre hits you with a +0 giant spiked club!!
Ouch! That really hurt!
You slash the ogre!
The ogre is moderately wounded.
The ogre hits you with a +0 giant spiked club!!
Ouch! That really hurt!
You die...

#. #) ###. ###+###
#######... #.....#
#......... #.....#
..#......... #.....#
#.#......... #..O..#
#.#......... #...@.+
#.#.........
#.....#+##.#.........
######.....#....#####
#.....#....#
#.....'....#
#....>#....#
#..(.##....#
#...†#######
####....###


You could see an ogre.

Vanquished Creatures
  A phantom (D:4)
  A bombardier beetle (D:5)
  A sleepcap (D:4)
  5 adders
  A dart slug (D:4)
  2 orcs (D:4)
  4 endoplasms
  2 giant cockroaches
  7 jackals
  6 quokkas
  4 ball pythons
  4 bats (D:1)
  A frilled lizard (D:1)
  A kobold (D:4)
40 creatures vanquished.

Notes
Turn   | Place    | Note
-------+----------+-------------------------------------------
     0 | D:1      | browni3141 the Minotaur Fighter began the quest for the
                  | Orb.
     0 | D:1      | Reached XP level 1. HP: 19/19 MP: 0/0
    72 | D:1      | Found a large runed translucent door.
    72 | D:1      | Found a large runed translucent door.
    78 | D:1      | Reached XP level 2. HP: 23/27 MP: 1/1
    97 | D:1      | Found a viscous altar of Jiyva.
   393 | D:3      | Found a bloodstained altar of Trog.
   393 | D:3      | Found a hazy altar of Hepliaklqana.
   448 | D:4      | Reached XP level 3. HP: 33/33 MP: 2/2
   719 | D:4      | Found a runed translucent gate.
   721 | D:4      | Found a runed translucent gate.
   721 | D:4      | Noticed Gadfly's ghost (weakling DsSh)
   722 | D:4      | Found a runed translucent gate.
   722 | D:4      | Noticed a kobold brigand
   734 | D:4      | Reached XP level 4. HP: 37/40 MP: 3/3
   774 | D:4      | Noticed a phantom
   781 | D:4      | Killed a phantom
   782 | D:4      | Reached XP level 5. HP: 47/47 MP: 4/4
   986 | D:4      | Found a sacrificial altar of Ru.
   999 | D:4      | Found a shimmering blue altar of Sif Muna.
  1158 | D:5      | Entered Level 5 of the Dungeon
  1300 | D:5      | Noticed an ogre
  1304 | D:5      | Demolished by an ogre

Illustrated notes

Levels and vault maps discovered:
D:1:      erik_arrival_cave_to_civilisation [erik_arrival_cave_to_temple],
          layout_basic, minmay_box_of_dots
D:2:      cheibrodos_old_hovel, layout_loops_cross,
          shapermc_ecumenical_altar_hornbeckon
D:3:      layout_basic, nicolae_overflow_two_pavilions, serial_glass,
          glass_columns_b, glass_columns_b, due_unseen_surprise,
          minmay_strange_pillars
D:4:      layout_basic, lemuel_crystal_altar, lemuel_tele_altar,
          gammafunk_ghost_nasty_kobolds
D:5:      layout_basic, brannock_xom_greatest_gift

Skill      XL: |  1  2  3  4 |
---------------+-------------+-----
Axes           | 3 4 |  4.9
Fighting       | 4 |  4.7
Armour         | 4 |  4.7
Shields        | 4 |  4.7

Action                     |  1- 3 |  4- 6 || total
---------------------------+-------+-------++-------
  Melee: War axe           |    63 |    31 ||    94
         Headbutt          |    12 |     3 ||    15
 Armour: Scale mail        |    80 |    16 ||    96
  Dodge: Dodged            |    39 |    11 ||    50
  Block: Buckler           |    27 |     7 ||    34
